 Dungeon Crawl Stone Soup version 0.32-a0-886-g41c5271027 (webtiles) character file.

Game seed: 16679355773491446628

16393 Tanttac the Spear-Bearer (level 12, -13/94 HPs)
             Began as a Merfolk Gladiator on Apr 2, 2024.
             Was the Champion of Makhleb.
             Mangled by a reaper
             ... wielding a -4 scythe of freezing
              (21 damage)
             ... in an ice cave.
             The game lasted 02:12:59 (12436 turns).

Tanttac the Spear-Bearer (Merfolk Gladiator)       Turns: 12436, Time: 02:13:00

Health: -13/94     AC: 15    Str: 25    XL:     12   Next: 37%
Magic:  0/12       EV: 22    Int: 19    God:    Makhleb [******]
Gold:   162        SH:  5    Dex: 17    Spells: 9/11 levels left

rFire   + . .        R - +5 spear (venom)
rCold   + . .        c - +1 buckler {rC+}
rNeg    . . .        I - +7 toga "Victory" {*Victory Int+7 Slay+7 Clar}
rPois   .            g - +2 helmet {Int+3}
rElec   .            (no cloak)
rCorr   .            n - +1 pair of gloves "Kakitt" {Harm rF+ Str+3}
SInv    .            w - +0 pair of boots
Will    .....        j - amulet of guardian spirit
Stlth   +++          e - +6 ring of strength
HPRegen 0.35/turn    H - +5 ring of evasion
MPRegen 0.13/turn

%: harm (+30% outgoing, +20% incoming), clarity, guardian spirit
@: no status effects
A: (nimble swimmer 2), mertail
a: Renounce Religion, Minor Destruction, Lesser Servant of Makhleb, Major
Destruction, Greater Servant of Makhleb


You were in an ice cave.
You worshipped Makhleb.
Makhleb was exalted by your worship.
You visited 3 branches of the dungeon, and saw 13 of its levels.
You also visited: Ice Cave.

You collected 1218 gold pieces.
You spent 1056 gold pieces at shops.

Inventory:

Hand Weapons
 a - a +4 spear
 t - a +2 short sword of flaming
 B - the +3 war axe "Qino" {freeze, SInv}
   (You found it on level 9 of the Dungeon)

   SInv:      It lets you see invisible.
 L - a +1 dagger of speed
 R - a +5 spear of venom (weapon)
 U - a +2 falchion of electrocution
 X - a +1 whip of flaming
Missiles
 d - 3 throwing nets (quivered)
 q - 23 poisoned darts
Armour
 c - a +1 buckler of cold resistance (worn)
 g - a +2 helmet of intelligence (worn)
 n - the +1 pair of gloves "Kakitt" (worn) {Harm rF+ Str+3}
   (You found it on level 2 of the Dungeon)

   Str+3:     It affects your strength (+3).
   rF+:       It protects you from fire.
   Harm:      It increases damage dealt and taken.
 w - a +0 pair of boots (worn)
 D - a +2 pair of gloves
 I - the +7 toga "Victory" (worn) {*Victory Int+7 Slay+7 Clar}
   (You found it on level 4 of the Dungeon)

   *Victory:  When the wearer kills a threatening monster, it has a chance to
   gain +1 AC, +1 Slay, and +1 Int, capping at +7.
   When the wearer uses a scroll or a potion with a hostile monster in sight,
   its bonuses reset to +0.
   Unequipping it also resets its bonuses to +0.
   Int+7:     It affects your intelligence (+7).
   Slay+7:    It affects your accuracy & damage with ranged weapons and melee
   (+7).
   Clar:      It protects you from confusion, rage, mesmerisation and fear.
 T - a +2 scale mail of cold resistance
Magical Staves
 G - a staff of alchemy
Jewellery
 e - a +6 ring of strength (left hand)
 f - a ring of wizardry
 i - a ring of resist corrosion
 j - an amulet of guardian spirit (around neck)
 A - a ring of ice
 H - a +5 ring of evasion (right hand)
 M - an amulet of regeneration
 N - a ring of resist corrosion
Talismans
 u - a blade talisman
 v - a beast talisman
 y - a serpent talisman
Wands
 K - a wand of flame (25)
 S - a wand of polymorph (18)
 Z - a wand of charming (6)
Scrolls
 h - 3 scrolls of noise
 l - 5 scrolls of blinking
 s - 3 scrolls of poison
 z - a scroll of fear
 C - a scroll of enchant armour
 E - 4 scrolls of immolation
 P - 3 scrolls of teleportation
 V - a scroll of summoning {unknown}
 Y - 2 scrolls of fog
Potions
 b - a potion of berserk rage {unknown}
 k - 2 potions of enlightenment
 m - 5 potions of heal wounds
 o - a potion of lignification {unknown}
 p - 11 potions of curing
 x - a potion of might
 J - a potion of mutation
 W - 2 potions of brilliance {unknown}


   Skills:
 + Level 8.9 Fighting
 + Level 14.3 Polearms
 + Level 12.1 Throwing
 + Level 2.1 Armour
 + Level 10.3 Dodging
 + Level 4.7 Stealth


You had 9 spell levels left.
You knew the following spells:

 Your Spells              Type           Power      Damage    Failure   Level
a - Jinxbite              Hex            0%         N/A       36%         2

Your spell library contained the following spells:

 Spells                   Type           Power      Damage    Failure   Level
 Inner Flame              Hex/Fire       0%         N/A       58%         3
 Fulminant Prism          Conj/Alch      0%         3d5       94%         4
 Summon Forest            Summ/Tloc      0%         N/A       100%        5
 Eringya's Noxious Bog    Alch           0%         4d6       100%        6
 Summon Hydra             Summ           0%         N/A       100%        7


Dungeon Overview and Level Annotations

Branches:
Dungeon (11/15)            Temple (1/1) D:7            Lair (0/5) D:8
    Orc (1/2) D:10          IceCv (1/1)

Altars:
Ashenzari
Cheibriados
Dithmenos
Elyvilon
Fedhas
Gozag
Hepliaklqana
Kikubaaqudgha
Makhleb
Nemelex Xobeh
Okawaru
Qazlal
Ru
Sif Muna
Trog
Uskayaw
Vehumet
Wu Jian
Xom
Yredelemnul
Zin
The Shining One

Shops:
D:9 =


Innate Abilities, Weirdness & Mutations

((You are very nimble when in or above water. (Stealth+, EV+, Speed+++)))
Your lower body shifts to a powerful aquatic tail in water.


Message History

You hit the reaper.
The reaper is moderately wounded.
You hit the reaper but do no damage.
The reaper looks even sicker.
The reaper is moderately wounded.
The reaper hits you with a -4 scythe of freezing!
* * * LOW HITPOINT WARNING * * *
The reaper freezes you.
* * * LOW HITPOINT WARNING * * *
Throw: 24 darts (poison)
Press: ? - help, Q - select action, (/) - cycle Shift-Dir - straight line, f - reaper
Aim: a reaper, wielding a -4 scythe of freezing (moderately wounded, very poisoned, 73% to hit)
You throw a poisoned dart.
The poisoned dart completely misses the reaper.
Throw: 4 throwing nets
Press: ? - help, Q - select action, (/) - cycle Shift-Dir - straight line, f/p - reaper
Aim: a reaper, wielding a -4 scythe of freezing (moderately wounded, very poisoned, 73% to hit)
You throw a throwing net. The throwing net hits the reaper.
The reaper is caught in the net!
The reaper is moderately wounded.
The reaper struggles against the net.
The reaper struggles against the net.
The reaper struggles against the net.
You remove your ring of ice.
The reaper struggles against the net.
You feel stronger.
e - a +6 ring of strength (left hand)
The reaper struggles against the net.
You start removing your amulet.
You continue removing your amulet of guardian spirit.
The reaper struggles against the net.
The net rips apart, and the reaper comes free!
You continue removing your amulet of guardian spirit.
The reaper hits you from afar with a -4 scythe of freezing!
* * * LOW HITPOINT WARNING * * *
The reaper drags you backwards! The reaper freezes you.
* * * LOW HITPOINT WARNING * * *
You continue removing your amulet of guardian spirit.
The reaper completely misses you.
You continue removing your amulet of guardian spirit.
The reaper hits you with a -4 scythe of freezing!!
You die...

# # )#. ## $.## .##
###.. #####..#
##...## ###....###
#.2...###...#....###
#.@.###..####.....#
##...##..#####.....
###..##...######..
#..###..⌠..# ##.
#.##.#.#...## ## #≈
##.###### ###### #
≈# ### ###....# ≈
###...#... ##≈
###....#####


You could see a reaper (very poisoned).

Vanquished Creatures
  3 two-headed ogres
  Nergalle (Orc:1)
  Pikel (D:8)
  An ugly thing (D:11)
  An ice statue (IceCv)
  2 kobold blastminers (Orc:1)
  A gargoyle (D:10)
  A kobold demonologist (D:11)
  3 komodo dragons (D:8)
  2 ice devils (D:11)
  A troll (D:11)
  A shadow (D:11)
  2 wyverns
  A vampire (D:9)
  A dire elephant simulacrum (IceCv)
  A warg (Orc:1)
  Grum (D:9)
  2 basilisks (D:8)
  14 yaks
  A steam dragon (D:8)
  2 death yak simulacra (IceCv)
  2 harpy simulacra (IceCv)
  2 hydra simulacra (IceCv)
  An acid dragon (D:10)
  2 water moccasins
  2 swamp drakes
  3 ice beasts
  8 orc warriors
  A black bear (D:5)
  A sky beast (D:7)
  3 ogres
  4 wolves (D:9)
  3 centaurs
  A phantom (D:6)
  4 lemures (D:8)
  4 kobold brigands
  2 gnoll sergeants
  2 scorpions
  4 bullfrogs
  A cane toad simulacrum (IceCv)
  4 two-headed ogre simulacra (IceCv)
  6 wights
  3 killer bees (D:11)
  4 howler monkeys
  3 hounds (D:5)
  3 gnoll boudas
  6 orc priests
  A jelly (D:7)
  Ijyb (D:5)
  2 sleepcaps (D:5)
  6 iguanas
  14 orc wizards
  7 spriggan simulacra (IceCv)
  Natasha (D:2)
  3 troll simulacra (IceCv)
  5 polar bear simulacra (IceCv)
  3 wolf simulacra (IceCv)
  10 adders
  22 gnolls
  6 naga simulacra (IceCv)
  A shadow imp (D:6)
  10 white imps
  5 ufetubi (IceCv)
  A dart slug (D:9)
  A ribbon worm (D:3)
  42 orcs
  4 ball pythons
  6 bats
  8 endoplasms
  3 giant cockroaches
  6 goblins
  A hobgoblin (D:2)
  2 jackals (D:5)
  22 kobolds
  3 quokkas
  5 frilled lizards
  2 rats
325 creatures vanquished.

Vanquished Creatures (others)
  An arcanist (D:10)
  A human (D:4)
2 creatures vanquished.

Grand Total: 327 creatures vanquished

Notes
Turn   | Place    | Note
-------+----------+-------------------------------------------
     0 | D:1      | Tanttac the Merfolk Gladiator began the quest for the Orb.
     0 | D:1      | Reached XP level 1. HP: 16/16 MP: 1/1
   145 | D:1      | Reached XP level 2. HP: 22/22 MP: 2/2
   468 | D:1      | Found a faded altar of an unknown god.
   474 | D:1      | Prayed at the altar of an unknown god.
   474 | D:1      | Became a worshipper of Makhleb the Destroyer
   474 | D:1      | Reached * piety under Makhleb
   616 | D:1      | Got the Atlas of Weird Rubedo
   697 | D:1      | Reached XP level 3. HP: 28/28 MP: 3/3
   891 | D:2      | Identified the +1 pair of gloves "Kakitt" {Harm rF+ Str+3}
   923 | D:2      | Reached skill level 5 in Polearms
   998 | D:2      | Noticed Natasha
  1004 | D:2      | Killed Natasha
  1005 | D:2      | Reached XP level 4. HP: 24/34 MP: 4/4
  1645 | D:3      | Found a hide-covered altar of Uskayaw.
  2066 | D:3      | Reached ** piety under Makhleb
  2138 | D:3      | Reached skill level 1 in Armour
  2138 | D:3      | Reached XP level 5. HP: 24/39 MP: 5/5
  2190 | D:3      | Reached skill level 6 in Polearms
  2683 | D:4      | Found an iron altar of Okawaru.
  2765 | D:4      | Found an ancient bone altar of Kikubaaqudgha.
  2766 | D:4      | Noticed a human
  2768 | D:4      | Killed a human
  3090 | D:4      | Reached skill level 5 in Dodging
  3090 | D:4      | Reached XP level 6. HP: 43/46 MP: 6/6
  3464 | D:4      | Found the +0 toga "Victory" {*Victory Clar}
  3502 | D:4      | Noticed a water moccasin
  3517 | D:4      | Killed a water moccasin
  3518 | D:4      | Reached skill level 7 in Polearms
  3874 | D:5      | Entered Level 5 of the Dungeon
  3899 | D:5      | Reached skill level 1 in Stealth
  3911 | D:5      | Noticed Ijyb
  3929 | D:5      | Killed Ijyb
  3930 | D:5      | Reached XP level 7. HP: 34/52 MP: 7/7
  4027 | D:5      | Learned a level 2 spell: Jinxbite
  4258 | D:5      | Reached skill level 8 in Polearms
  4347 | D:5      | Reached *** piety under Makhleb
  4443 | D:5      | Reached XP level 8. HP: 60/60 MP: 8/8
  4813 | D:6      | Reached skill level 9 in Polearms
  5005 | D:6      | Reached skill level 5 in Fighting
  5056 | D:6      | Found a hazy altar of Hepliaklqana.
  5176 | D:6      | Reached skill level 10 in Polearms
  5893 | D:6      | Reached XP level 9. HP: 68/68 MP: 9/9
  6186 | D:7      | Reached skill level 11 in Polearms
  6666 | D:7      | Reached **** piety under Makhleb
  6686 | D:7      | Found a staircase to the Ecumenical Temple.
  6692 | Temple   | Entered the Ecumenical Temple
  7584 | D:8      | Reached skill level 12 in Polearms
  7595 | D:8      | Reached skill level 5 in Throwing
  7597 | D:8      | Reached XP level 10. HP: 70/77 MP: 10/10
  7771 | D:8      | Noticed Pikel
  7782 | D:8      | Killed Pikel
  7938 | D:8      | Noticed a two-headed ogre
  7946 | D:8      | Killed a two-headed ogre
  7947 | D:8      | Reached skill level 13 in Polearms
  8226 | D:8      | Found a staircase to the Lair.
  8375 | D:8      | Reached XP level 11. HP: 84/84 MP: 11/11
  8622 | D:9      | Noticed Grum
  8637 | D:9      | Killed Grum
  8822 | D:9      | Reached ***** piety under Makhleb
  8954 | D:9      | Found a snail-covered altar of Cheibriados.
  9024 | D:9      | Reached skill level 14 in Polearms
  9037 | D:9      | Identified the +3 war axe "Qino" {freeze, SInv}
  9101 | D:9      | Found Uhyucode's Jewellery Boutique.
  9305 | D:9      | Noticed a two-headed ogre
  9310 | D:9      | Killed a two-headed ogre
  9514 | D:10     | Entered Level 10 of the Dungeon
  9628 | D:9      | Bought a +6 ring of strength for 576 gold pieces
  9728 | D:10     | Found a bloodstained altar of Trog.
 10023 | D:10     | Noticed a two-headed ogre
 10027 | D:10     | Killed a two-headed ogre
 10028 | D:10     | Reached skill level 10 in Throwing
 10067 | D:10     | Found a staircase to the Orcish Mines.
 10301 | D:10     | Noticed a wizard
 10303 | D:10     | Killed a wizard
 10440 | Orc:1    | Entered Level 1 of the Orcish Mines
 10621 | Orc:1    | Noticed Nergalle
 10643 | Orc:1    | Killed Nergalle
 10644 | Orc:1    | Reached skill level 10 in Dodging
 11052 | D:9      | Bought an amulet of guardian spirit for 480 gold pieces
 11235 | D:11     | Found a hazy altar of Hepliaklqana.
 11266 | D:11     | Reached XP level 12. HP: 94/94 MP: 12/12
 11671 | D:11     | Found a frozen archway.
 11762 | IceCv    | Entered an ice cave
 11927 | IceCv    | Reached ****** piety under Makhleb
 12400 | IceCv    | Noticed a reaper
 12436 | IceCv    | Mangled by a reaper

Illustrated notes

Levels and vault maps discovered:
D:1:      minmay_arrival_jagged, layout_basic,
          hellmonk_ecumenical_altar_heavens_door
D:2:      layout_loops_cross, uniq_natasha
D:3:      layout_rooms, nicolae_uskayaw_dance_hall
D:4:      layout_loops_corners, amcnicky_altar_gilded, tgw_kikubaaqudgha,
          corexii_item_surrounded_by_moat, serial_park_tiny_2
D:5:      layout_rooms, hellmonk_no_cap, uniq_ijyb
D:6:      layout_basic, kennysheep_mini_moat
D:7:      layout_cave_pods, minmay_temple_entry_fiery, serial_column_ruins,
          column_ruins_pillar_6, column_ruins_pillar_6, column_ruins_pillar_1,
          column_ruins_pillar_1, column_ruins_pillar_9, column_ruins_pillar_7,
          column_ruins_pillar_1, column_ruins_pillar_9, column_ruins_pillar_6,
          column_ruins_pillar_1, column_ruins_pillar_3
D:8:      layout_rooms, erik_lair_dragon, serial_corexii_hall,
          corexii_hall_statues_i, corexii_hall_statues_x, uniq_pikel
D:9:      layout_irregular_city, kennysheep_slug_shrine, serial_shops, shop,
          solitary_fountain, uniq_grum
D:10:     layout_cave_pools, trog_wizard, erik_orc_1,
          minmay_misc_feat_nine_boxes
D:11:     layout_cave_pools, portal_ice_cave_demonic_guard,
          worldfamousw_hep_ancestral_shrine
Temple:   kb_temple_of_zot
Orc:1:    layout_diamond_mine, uniq_nergalle
IceCv:    ice_cave_caverns_01

Skill      XL: |  1  2  3  4  5  6  7  8  9 10 11 12 |
---------------+-------------------------------------+-----
Polearms       | 5 6 7 8 10 12 13 14 | 14.3
Armour         | 1 2 |  2.1
Dodging        | 5 6 7 8 9 10 | 10.3
Fighting       | 3 4 5 6 7 8 |  8.9
Stealth        | 1 2 3 4 |  4.7
Throwing       | 3 5 7 11 12 | 12.1

Action                     |  1- 3 |  4- 6 |  7- 9 | 10-12 || total
---------------------------+-------+-------+-------+-------++-------
  Melee: Trident           |    96 |   212 |   193 |       ||   501
         Spear             |       |       |    61 |   352 ||   413
  Throw: Throwing net      |       |     1 |       |     1 ||     2
         Dart              |       |       |    28 |    26 ||    54
         Boomerang         |       |       |    18 |   199 ||   217
  Evoke: Wand              |       |       |     1 |       ||     1
    Use: Scroll            |       |       |    14 |    11 ||    25
   Stab: Sleeping          |       |     1 |     1 |       ||     2
 Armour: Leather armour    |    65 |    83 |       |       ||   148
         Robe              |       |    34 |   119 |    84 ||   237
  Dodge: Dodged            |    77 |   130 |   177 |   143 ||   527
  Block: Buckler           |       |       |       |     5 ||     5

Table legend: (Time is in decaauts)
 A = Elapsed time spent in this place.
 B = Non-inter-level travel time spent in this place.
 C = Inter-level travel time spent in this place.
 D = Time resting spent in this place.
 E = Time spent auto-exploring this place.
 F = Levels seen in this place.
 G = Mean time per level.
                   A        B        C        D        E       F      G
               +--------+--------+--------+--------+--------+-----+--------+
         Total |  12152 |  11987 |    165 |      0 |   1956 |  14 |  868.0 |
       Dungeon |  10843 |  10727 |    116 |      0 |   1508 |  11 |  985.7 |
        Temple |    213 |    213 |      0 |      0 |      0 |   1 |  213.0 |
  Orcish Mines |    497 |    448 |     49 |      0 |    199 |   1 |  497.0 |
      Ice Cave |    597 |    597 |      0 |      0 |    249 |   1 |  597.0 |
               +--------+--------+--------+--------+--------+-----+--------+

Top non-repeatable levels by time:
     D:4: 1300 daAuts
     D:6: 1294 daAuts
     D:7: 1196 daAuts
     D:9: 1079 daAuts
    D:10: 1001 daAuts
     D:8: 987 daAuts
     D:3: 948 daAuts
     D:1: 861 daAuts
     D:5: 843 daAuts
     D:2: 769 daAuts
   IceCv: 597 daAuts
    D:11: 561 daAuts
   Orc:1: 497 daAuts
  Temple: 213 daAuts
